 Dungeon Crawl Stone Soup version 0.27-a0-686-gaed091b46b (webtiles) character file.

Game seed: 10338779163560946386

483 sahdkjhfkaj the Thaumaturge (level 6, -3/32 HPs)
             Began as a Deep Elf Hedge Wizard on Mar 20, 2021.
             Slain by Edmund
             ... wielding a +0 dire flail of protection
              (14 damage)
             ... on level 5 of the Dungeon.
             The game lasted 00:08:53 (7448 turns).

sahdkjhfkaj the Thaumaturge (Deep Elf Hedge Wizard) Turns: 7448, Time: 00:08:53

Health: -3/32      AC:  4    Str:  7    XL:     6   Next: 87%
Magic:  8/20       EV: 16    Int: 21    God:
Gold:   233        SH:  0    Dex: 14    Spells: 16/23 levels left

rFire    + + +     SeeInvis .   a - +1 dagger (venom)
rCold    + + .     Faith    .   (no shield)
rNeg     . . .     Spirit   .   l - +0 robe {rC+ rF+}
rPois    .         Reflect  .   g - +0 helmet
rElec    .         Harm     .   (no cloak)
rCorr    .         Rampage  .   (no gloves)
Will     .....                  f - +0 pair of boots
Stlth    +++.......             (no amulet)
HPRegen  0.10/turn              d - +4 ring of evasion
MPRegen  0.17/turn              c - ring "Patha" {+Fly rF+++ rC+ Slay-3 Stlth+}

@: no status effects
A: no striking features
a: Evoke Flight


You were on level 5 of the Dungeon.
You visited 1 branch of the dungeon, and saw 5 of its levels.

You collected 233 gold pieces.

Inventory:

Hand Weapons
 a - a +1 dagger of venom (weapon)
Armour
 f - a +0 pair of boots (worn)
 g - a +0 helmet (worn)
 l - a +0 robe of resistance (worn)
Jewellery
 c - the ring "Patha" (left hand) {+Fly rF+++ rC+ Slay-3 Stlth+}
   (You acquired it on level 3 of the Dungeon)

   [ring of flight]

   It affects your accuracy and damage with ranged weapons and melee attacks
   (-3).
   It renders you almost immune to fire.
   It protects you from cold.
   It lets you fly.
   It makes you more stealthy.
 d - a +4 ring of evasion (right hand)
 i - a +4 ring of evasion
Wands
 e - a wand of mindburst (3)
Scrolls
 k - a scroll of holy word
 m - a scroll of immolation
Potions
 h - a potion of heal wounds
 j - a potion of attraction {unknown}
 n - a potion of might {unknown}


   Skills:
 - Level 2.4 Dodging
 - Level 2.4 Stealth
 - Level 9.0 Spellcasting
 - Level 3.0 Conjurations
 + Level 3.9 Hexes
 - Level 1.1 Summonings
 - Level 1.1 Translocations


You had 16 spell levels left.
You knew the following spells:

 Your Spells              Type           Power      Damage    Failure   Level
a - Magic Dart            Conj           88%        1d7       1%          1
b - Blink                 Tloc           N/A        N/A       7%          2
c - Call Imp              Summ           14%        N/A       7%          2
d - Slow                  Hex            25%        N/A       2%          2

Your spell library contained the following spells:

 Spells                   Type           Power      Damage    Failure   Level
 Conjure Flame            Conj/Fire      15%        6-21      12%         3
 Mephitic Cloud           Conj/Pois/Air  13%        N/A       14%         3


Dungeon Overview and Level Annotations

Branches:
Dungeon (5/15)
 Temple: D:4-7

Altars:

Shops:
D:2 [

Annotations:
D:4 Grinder
D:5 Edmund


Message History

Confirm with . or Enter, or press ? or * to list all spells.
Aiming: Magic Dart (safe; 1% risk of failure)
Press: ? - help, Shift-Dir - straight line, f/p - Edmund
Aim: Edmund, wielding a +0 dire flail of protection and wearing a +0 chain mail (severely wounded, ally target, 0% to evade)
The magic dart hits Edmund.
Edmund is almost dead.
Casting: Magic Dart (safe; 1% risk of failure)
Confirm with . or Enter, or press ? or * to list all spells.
Aiming: Magic Dart (safe; 1% risk of failure)
Press: ? - help, Shift-Dir - straight line, f/p - Edmund
Aim: Edmund, wielding a +0 dire flail of protection and wearing a +0 chain mail (almost dead, ally target, 0% to evade)
The magic dart hits Edmund.
Edmund is almost dead.
Edmund misses you.
Your iron imp barely misses Edmund.
Your white imp hits Edmund but does no damage.
You barely miss Edmund.
Edmund is almost dead.
Edmund hits you with a +0 dire flail of protection!
* * * LOW HITPOINT WARNING * * *
Your white imp completely misses Edmund.
Your iron imp hits Edmund but does no damage.
Edmund hits your iron imp with a +0 dire flail of protection.
Your white imp completely misses Edmund.
Casting: Magic Dart (safe; 1% risk of failure)
Confirm with . or Enter, or press ? or * to list all spells.
Aiming: Magic Dart (safe; 1% risk of failure)
Press: ? - help, Shift-Dir - straight line, f/p - Edmund
Aim: Edmund, wielding a +0 dire flail of protection and wearing a +0 chain mail (almost dead, ally target, 0% to evade)
The magic dart hits Edmund.
Edmund is almost dead.
There is a stone staircase leading down here.
Your white imp disappears in a puff of smoke!
Edmund clears his throat.
You hit Edmund but do no damage.
Edmund is almost dead.
Edmund completely misses you.
You hit Edmund but do no damage.
Edmund is almost dead.
Edmund hits you with a +0 dire flail of protection!
You die...

##..)##........
##.<.........
#........##
##....#...# ###
#....###..## #..
#....# #...### #..
#...##
#.....######..
##.@##
#.....)...##..
#..@###5............
##..##...#####......
#.......# #######
##.....## #....## .
##...## . #?..##
.######## #...#
..##....# ###...#


You could see Edmund.

Vanquished Creatures
  Sigmund (D:5)
  2 hounds (D:5)
  An iguana (D:4)
  5 worker ants
  3 adders
  3 adder skeletons (D:4)
  2 dart slugs
  A leopard gecko (D:3)
  9 orcs
  5 giant cockroaches
  14 goblins
  4 hobgoblins
  12 kobolds
  A quokka (D:2)
  6 bats
  3 frilled lizards
  5 rats
77 creatures vanquished.

Vanquished Creatures (collateral kills)
  A howler monkey (D:5)
  An orc wizard (D:3)
  Robin (D:3)
  2 worms (D:2)
  A dart slug (D:3)
  An orc (D:3)
7 creatures vanquished.

Vanquished Creatures (others)
  An orc wizard (D:5)
  A white imp (D:5)
  A giant cockroach (D:5)
3 creatures vanquished.

Grand Total: 87 creatures vanquished

Notes
Turn   | Place    | Note
-------+----------+-------------------------------------------
     0 | D:1      | sahdkjhfkaj the Deep Elf Hedge Wizard began the quest for
                  | the Orb.
     0 | D:1      | Reached XP level 1. HP: 10/10 MP: 7/7
   333 | D:1      | Reached skill level 5 in Spellcasting
   370 | D:1      | Reached XP level 2. HP: 9/15 MP: 1/10
   378 | D:1      | Learned a level 2 spell: Blink
  1351 | D:2      | Found Adatakhlu's Antique Armour Shoppe.
  1406 | D:2      | Learned a level 2 spell: Call Imp
  1409 | D:2      | Learned a level 2 spell: Slow
  1652 | D:2      | You fall into a shaft and drop 1 floor!
  1678 | D:3      | Reached XP level 3. HP: 19/19 MP: 9/12
  1921 | D:3      | Reached skill level 6 in Spellcasting
  3096 | D:3      | Found a faded altar of an unknown god.
  3911 | D:3      | Identified a scroll of acquirement
  4134 | D:3      | Acquired the ring "Patha" {+Fly rF+++ rC+ Slay-3 Stlth+}
  4373 | D:3      | Reached XP level 4. HP: 24/24 MP: 5/14
  4443 | D:3      | Reached skill level 7 in Spellcasting
  4937 | D:4      | Noticed Robin
  5055 | D:3      | Killed Robin
  5302 | D:4      | Reached XP level 5. HP: 28/28 MP: 9/17
  5385 | D:4      | Reached skill level 8 in Spellcasting
  5794 | D:4      | You fall into a shaft and drop 1 floor!
  5794 | D:5      | Entered Level 5 of the Dungeon
  6134 | D:5      | Reached skill level 9 in Spellcasting
  6261 | D:5      | Reached skill level 1 in Hexes
  6261 | D:5      | Reached XP level 6. HP: 24/32 MP: 11/20
  6968 | D:4      | Noticed Grinder
  7235 | D:5      | Noticed Sigmund
  7253 | D:5      | Killed Sigmund
  7375 | D:5      | Noticed Edmund
  7448 | D:5      | Slain by Edmund

Illustrated notes

Levels and vault maps discovered:
D:1:      dpeg_arrival_rooms_b, layout_loops_ring,
          chequers_serial_rivers_micro_c
D:2:      layout_basic, serial_shops, shop
D:3:      layout_basic, chequers_ecumenical_altar_simple
D:4:      layout_basic, kennysheep_generic_room_4, uniq_robin, uniq_grinder
D:5:      layout_layer_cave, hangedman_glass_teeth, nicolae_sextant,
          lemuel_flamethrower_2, uniq_edmund, uniq_sigmund,
          uniq_crazy_yiuf_cottage

Skill      XL: |  1  2  3  4  5  6 |
---------------+-------------------+-----
Spellcasting   | 5 6 7 9 |  9.0
Hexes          | 1 3 |  3.9
Conjurations   | 3 |  3.0
Dodging        | |  2.4
Stealth        | |  2.4
Summonings     | |  1.1
Translocations | |  1.1

Action                   |  1- 3 |  4- 6 || total
-------------------------+-------+-------++-------
Melee: Dagger            |    12 |     4 ||    16
 Cast: Magic Dart        |   149 |   152 ||   301
       Call Imp          |    11 |    27 ||    38
       Slow              |       |     7 ||     7
  Use: Scroll            |     4 |     2 ||     6
       Potion            |       |     1 ||     1
 Stab: Sleeping          |       |     1 ||     1
Armor: Robe              |     6 |    17 ||    23
Dodge: Dodged            |    34 |    57 ||    91

Table legend: (Time is in decaauts)
 A = Elapsed time spent in this place.
 B = Non-inter-level travel time spent in this place.
 C = Inter-level travel time spent in this place.
 D = Time resting spent in this place.
 E = Time spent auto-exploring this place.
 F = Levels seen in this place.
 G = Mean time per level.
                   A        B        C        D        E       F      G
               +--------+--------+--------+--------+--------+-----+--------+
         Total |   7455 |   7142 |    313 |    672 |   5328 |   5 | 1491.0 |
       Dungeon |   7455 |   7142 |    313 |    672 |   5328 |   5 | 1491.0 |
               +--------+--------+--------+--------+--------+-----+--------+

Top non-repeatable levels by time:
     D:3: 2763 daAuts
     D:2: 1400 daAuts
     D:1: 1211 daAuts
     D:4: 1071 daAuts
     D:5: 1009 daAuts
